 Dungeon Sprint DCSS version 0.26.1-2-gb8aa6d0cf2 (webtiles) character file.

Game seed: 3349994496698610039

2968 Groucho the Imperceptible (level 9, 0/60 HPs)
             Began as a Vampire Berserker on Mar 9, 2021.
             Was an Elder of Trog.
             Slain by a jelly (3 damage)
             ... in the Dungeon (Sprint I: "Red Sonja").
             The game lasted 00:05:57 (2290 turns).

Groucho the Imperceptible (Vampire Berserker)       Turns: 2290, Time: 00:05:57

Health: 0/60       AC: -13   Str: 16    XL:     9   Next: 52%
Magic:  9/9        EV: 19    Int: 10    God:    Trog [****..]
Gold:   371        SH:  0    Dex: 16    Spells: 8/8 levels left

rFire    + . .     SeeInvis +   a - +0 short sword
rCold    + + .     Faith    .   (no shield)
rNeg     + + +     Spirit   .   b - +0 animal skin
rPois    ∞         Reflect  .   (no helmet)
rElec    .         Harm     .   (no cloak)
rCorr    .         Rampage  .   (no gloves)
Will     .....     NoTele   +   (no boots)
Stlth    ++++++++++             (no amulet)
HPRegen  0.00/turn              j - ring of protection from fire
MPRegen  0.11/turn              (no ring)

@: corroded, bloodless, hasted, very quick
A: fangs 3, see invisible, unbreathing
a: Bat Form, Revivify, Renounce Religion, Berserk, Trog's Hand, Brothers in Arms


You were in the Dungeon.
You worshipped Trog.
Trog was greatly pleased with you.
You visited 1 branch You collected 621 gold pieces.
You spent 250 gold pieces at shops.

Inventory:

Hand Weapons
 a - a +0 short sword (weapon)
Armour
 b - a +0 animal skin (worn)
Jewellery
 j - a ring of protection from fire (left hand)
Scrolls
 h - a scroll of enchant weapon {unknown}
 k - a scroll of identify {unknown}
Potions
 f - 2 potions of magic
 g - a potion of berserk rage
 i - a potion of might {unknown}


   Skills:
 + Level 8.4 Fighting
 + Level 10.0 Short Blades
 - Level 1.5 Armour
 + Level 9.7 Dodging
 + Level 22.4 Stealth


You had 8 spell levels left.
You didn't know any spells.
Your spell library was empty.

Dungeon Overview and Level Annotations

Branches:
Dungeon (1/1)

Altars:
Cheibriados
Dithmenos
Elyvilon
Fedhas
Gozag
Hepliaklqana
Kikubaaqudgha
Makhleb
Nemelex Xobeh
Okawaru
Qazlal
Ru
Sif Muna
Trog
Uskayaw
Vehumet
Wu Jian
Xom
Yredelemnul
Zin
The Shining One
Jiyva
Lugonu

Shops:
D =


Innate Abilities, Weirdness & Mutations

You do not regenerate when monsters are visible.
You are frail without blood (-20% HP).
You can heal yourself when you bite living creatures.
You are immune to poison.
You have razor-sharp teeth.
You have supernaturally acute eyesight. (SInv)
You can survive without breathing.


Message History

The jelly hits you.
* * * LOW HITPOINT WARNING * * *
You are splashed with acid!
* * * LOW HITPOINT WARNING * * *
Unknown command.
You feel better. The jelly barely misses you.
The unseen horror barely misses you.
Unknown command.
Unknown command.
You hit the unseen horror but do no damage.
The unseen horror misses you. The unseen horror hits you.
* * * LOW HITPOINT WARNING * * *
Unknown command.
Unknown command.
Unknown command.
You hit the unseen horror but do no damage.
The unseen horror hits you.
* * * LOW HITPOINT WARNING * * *
The unseen horror closely misses you. The jelly hits you.
You die...

_##'#§§§§§§§§+..#
..'..._#§≈≈.)#..#
_##_.#'##+#####'###
_###+#.# #.'.# ##
### ###.# #.#
##########§#
#......J##x#
#.....JJJ@§#
#'''######x#
#........#§#
#..J....#+§#
n.......≈####
n.......≈≈#
......≈≈≈##
##..≈≈≈≈###
+######+


You could see 2 unseen horrors and 4 jellies.

Vanquished Creatures
  2 centaur warriors (D)
  An oklob plant (D)
  A slime creature (D)
  A hornet (D)
  2 redbacks (D)
  Sigmund (D)
  A yak (D)
  A floating eye (D)
  An ogre (D)
  3 jellies (D)
  Ijyb (D)
15 creatures vanquished.

Vanquished Creatures (others)
  3 hornets (D)
3 creatures vanquished.

Grand Total: 18 creatures vanquished

Notes
Turn   | Place    | Note
-------+----------+-------------------------------------------
     0 | D        | Groucho the Vampire Berserker began the quest for the Orb.
     0 | D        | Reached XP level 1. HP: 17/17 MP: 1/1
     2 | D        | Noticed Ijyb
     9 | D        | Killed Ijyb
    10 | D        | Reached skill level 8 in Stealth
    10 | D        | Reached XP level 2. HP: 23/23 MP: 2/2
    20 | D        | Noticed an ogre
    22 | D        | Killed an ogre
    23 | D        | Reached skill level 13 in Stealth
    23 | D        | Reached XP level 3. HP: 28/28 MP: 3/3
    23 | D        | Reached XP level 4. HP: 34/34 MP: 4/4
    35 | D        | Noticed Sigmund
    37 | D        | Killed Sigmund
    37 | D        | Reached ** piety under Trog
    38 | D        | Reached skill level 17 in Stealth
    38 | D        | Reached XP level 5. HP: 39/39 MP: 5/5
   337 | D        | Found a shimmering blue altar of Sif Muna.
   338 | D        | Found an ornate altar of the Wu Jian Council.
   339 | D        | Found a radiant altar of Vehumet.
   344 | D        | Reached XP level 6. HP: 36/36 MP: 6/6
   377 | D        | Found Furasud's Jewellery Emporium.
   377 | D        | Found an ancient bone altar of Kikubaaqudgha.
   377 | D        | Found a hazy altar of Hepliaklqana.
   377 | D        | Found a hide-covered altar of Uskayaw.
   377 | D        | Found a basalt altar of Yredelemnul.
   377 | D        | Found an opulent altar of Gozag.
   377 | D        | Found a snail-covered altar of Cheibriados.
   377 | D        | Found a sacrificial altar of Ru.
   377 | D        | Found a shadowy altar of Dithmenos.
   377 | D        | Noticed a yak
   378 | D        | Found a stormy altar of Qazlal.
   378 | D        | Found a blossoming altar of Fedhas.
   378 | D        | Found a bloodstained altar of Trog.
   378 | D        | Found an iron altar of Okawaru.
   378 | D        | Found a glowing golden altar of the Shining One.
   378 | D        | Found a glowing silver altar of Zin.
   378 | D        | Found a white marble altar of Elyvilon.
   379 | D        | Killed a yak
   380 | D        | Reached skill level 19 in Stealth
   380 | D        | Found a sparkling altar of Nemelex Xobeh.
   384 | D        | Bought an uncursed ring of protection from fire for 250
                  | gold pieces
   396 | D        | Found a viscous altar of Jiyva.
   396 | D        | Found a corrupted altar of Lugonu.
   396 | D        | Noticed a slime creature
   397 | D        | Found a burning altar of Makhleb.
   397 | D        | Found a shimmering altar of Xom.
   399 | D        | Killed a slime creature
   399 | D        | Reached *** piety under Trog
   400 | D        | Reached skill level 20 in Stealth
   400 | D        | Reached XP level 7. HP: 42/42 MP: 7/7
   420 | D        | Noticed a centaur warrior
   430 | D        | Noticed a centaur warrior
   431 | D        | Killed a centaur warrior
   432 | D        | Reached skill level 21 in Stealth
   432 | D        | Reached XP level 8. HP: 51/51 MP: 8/8
   432 | D        | Killed a centaur warrior
   442 | D        | Noticed a hornet
   445 | D        | Killed a hornet
   446 | D        | Reached XP level 9. HP: 57/57 MP: 9/9
   456 | D        | Noticed an oklob plant
   980 | D        | Killed an oklob plant
   981 | D        | Reached skill level 22 in Stealth
  1372 | D        | Reached **** piety under Trog
  1833 | D        | Reached skill level 10 in Short Blades
  1839 | D        | Noticed an unseen horror
  1840 | D        | Noticed an unseen horror
  2290 | D        | HP: 3/60 [unseen horror (5)]
  2290 | D        | Slain by a jelly

Illustrated notes

Levels and vault maps discovered:
D:        dungeon_sprint_1 [red_sonja_temple_1, red_sonja_temple_small_1]

Skill      XL: |  1  2  3  4  5  6  7  8  9 |
---------------+----------------------------+-----
Stealth        | 8 13 17 20 21 22 | 22.4
Fighting       | 3 6 7 8 |  8.4
Short Blades   | 4 7 8 10 | 10.0
Dodging        | 4 6 8 9 |  9.7
Armour         | |  1.5

Action                   |  1- 3 |  4- 6 |  7- 9 || total
-------------------------+-------+-------+-------++-------
Melee: Short sword       |     5 |     4 |    57 ||    66
       Bite              |       |       |     8 ||     8
Invok: Berserk           |     1 |       |     3 ||     4
       Trog's Hand       |       |       |     2 ||     2
 Abil: Exsanguinate      |       |     1 |     2 ||     3
       Revivify          |       |       |     2 ||     2
  Use: Scroll            |       |       |     1 ||     1
       Potion            |       |       |     4 ||     4
 Stab: Sleeping          |     1 |     4 |     7 ||    12
Armor: Animal skin       |     1 |       |     1 ||     2
Dodge: Dodged            |       |       |    61 ||    61
